Map: Dusk Towers

Players

ILLBdA

  • Race: Protoss Protoss
  • League: Diamond

나의마음이란 - Winner!

  • Race: Protoss Protoss
  • League: Diamond

VOD

Have the link to the VOD?

Description

Time

  • Played on: Dec. 17, 2015, 3:21 a.m.
  • Length: 14:18
Show
View Real Time Build Order
Export as new Build Order

ILLBdA Protoss 

Build Orders: Zealot Archon, Dark Templar Rush 

Get SALT Encoding   

  12  0:01  Probe (Chrono Boost)  
  13  0:11  Probe (Chrono Boost)  
  14  0:17  Pylon  
  14  0:22  Probe (Chrono Boost)  
  16  0:35  Probe (Chrono Boost)  
  16  0:37  Gateway  
  16  0:46  Probe (Chrono Boost)  
  16  0:47  Assimilator  
  17  0:52  Assimilator  
  17  0:58  Probe (Chrono Boost)  
  17  1:03  Pylon  
  18  1:08  Probe (Chrono Boost)  
  19  1:19  Probe (Chrono Boost)  
  19  1:25  Cybernetics Core  
  20  1:30  Probe (Chrono Boost)  
  21  1:39  Pylon  
  21  1:41  Probe (Chrono Boost)  
  22  1:51  Probe (Chrono Boost)  
  23  2:03  Twilight Council  
  23  2:04  Adept (Chrono Boost)  
  25  2:08  Warp Gate (Chrono Boost)  
  25  2:18  Mothership Core  
  27  2:32  Gateway  
  27  2:34  Adept (Chrono Boost)  
  29  2:43  Dark Shrine  
  29  2:52  Pylon  
  28  3:00  Probe  
  29  3:12  Probe  
  30  3:15  Gateway, Pylon  
  30  3:19  Adept (Chrono Boost)  
  32  3:24  Probe  
  33  4:09  Dark Templar x3  
  39  4:18  Robotics Facility  
  39  4:19  Pylon  
  37  4:50  Probe  
  36  4:59  Dark Templar x2  
  40  5:01  Nexus  
  40  5:02  Probe  
  40  5:03  Archon  
  40  5:04  Pylon  
  39  5:10  Observer (Chrono Boost)  
  40  5:32  Immortal (Chrono Boost)  
  44  5:36  Probe  
  44  5:37  Gateway  
  44  5:40  Gateway  
  45  5:46  Adept  
  47  5:50  Probe  
  48  6:02  Probe  
  49  6:06  Immortal (Chrono Boost)  
  53  6:11  Probe  
  53  6:14  Probe  
  55  6:22  Probe  
  56  6:36  Dark Templar  
  56  6:39  Dark Templar  
  60  6:42  Warp Prism (Chrono Boost)  
  62  6:47  Pylon x2  
  61  6:55  Archon  
  61  7:00  Stalker x2  
  65  7:08  Pylon  
  65  7:15  Zealot x3  
  71  7:23  Probe  
  71  7:26  Pylon  
  72  7:50  Dark Templar x2  
  62  7:58  Zealot x2  
  62  7:59  Zealot  
  52  8:14  Immortal  
  52  8:17  Zealot  
  56  8:20  Zealot  
  56  8:26  Zealot x2  
  62  8:29  Zealot  
  62  8:37  Dark Templar  
  60  8:55  Dark Templar, Zealot x2  
  56  8:59  Zealot  
  52  9:10  Zealot  
  52  9:18  Assimilator  
  52  9:19  Assimilator  
  52  9:39  Observer (Chrono Boost)  
  52  9:40  Zealot  
  52  9:41  Zealot x4  
  63  9:57  Nexus  
  63  10:02  Dark Templar, Pylon  
  63  10:03  Dark Templar  
  63  10:04  Pylon  
  63  10:05  Pylon  
  63  10:06  Archon  
  67  10:16  Immortal (Chrono Boost)  
  67  10:17  Zealot  
  73  10:36  Dark Templar  
  73  10:37  Dark Templar x2  
  73  10:40  Archon  
  73  10:42  Archon  
  79  10:53  Probe  
  80  11:00  Robotics Bay  
  80  11:02  Forge  
  80  11:09  Dark Templar  
  80  11:10  Probe  
  83  11:21  Probe  
  85  11:25  Probe  
  85  11:31  Dark Templar x2  
  89  11:35  Archon  
  89  11:38  Probe x2  
  91  11:55  Zealot x2  
  95  12:05  Immortal  
  99  12:10  Pylon  
  99  12:14  Zealot, Pylon  
  101  12:16  Pylon  
  97  12:28  Probe  
  97  12:29  Probe x2  
  99  12:31  Assimilator  
  99  12:35  Assimilator  
  99  12:36  Twilight Council  
  100  12:39  Probe  
  100  12:40  Probe  
  100  12:41  Probe  
  100  12:42  Zealot  
  105  12:50  Probe  
  105  12:52  Probe  
  105  12:53  Probe  
  108  13:00  Probe  
  108  13:02  Zealot x3  
  108  13:04  Probe  
  116  13:16  Photon Cannon  
  116  13:22  Probe x2  
  118  13:29  Zealot  
  118  13:31  Zealot  
  122  13:41  Zealot  
  122  13:44  Immortal (Chrono Boost)  
  128  13:58  Zealot  
  128  13:59  Zealot x2  
Show
View Real Time Build Order
Export as new Build Order

나의마음이란 Protoss - Winner!

Build Orders:  

Get SALT Encoding   

  12  0:01  Probe (Chrono Boost)  
  13  0:11  Probe (Chrono Boost)  
  14  0:17  Pylon  
  14  0:22  Probe (Chrono Boost)  
  15  0:36  Probe (Chrono Boost)  
  15  0:39  Gateway  
  16  0:46  Probe (Chrono Boost), Assimilator  
  17  0:53  Assimilator  
  18  0:57  Probe (Chrono Boost)  
  18  1:07  Probe (Chrono Boost)  
  19  1:11  Pylon  
  19  1:18  Probe (Chrono Boost)  
  20  1:28  Cybernetics Core, Probe (Chrono Boost)  
  21  1:39  Gateway  
  21  1:42  Pylon  
  21  1:45  Probe (Chrono Boost)  
  22  1:56  Probe (Chrono Boost)  
  23  2:04  Warp Gate  
  23  2:05  Adept (Chrono Boost)  
  25  2:09  Probe  
  26  2:21  Mothership Core (Chrono Boost)  
  28  2:26  Adept (Chrono Boost)  
  30  2:41  Probe  
  31  2:45  Nexus  
  31  2:54  Pylon  
  31  3:01  Probe  
  32  3:10  Robotics Facility  
  32  3:13  Probe  
  32  3:18  Pylon  
  35  3:30  Stalker (Chrono Boost), Probe  
  36  3:42  Probe  
  37  3:54  Probe  
  38  4:00  Probe  
  35  4:07  Probe  
  40  4:11  Probe, Observer (Chrono Boost)  
  40  4:12  Stalker x2  
  42  4:19  Probe (Chrono Boost)  
  42  4:20  Gateway  
  42  4:22  Probe (Chrono Boost)  
  44  4:27  Forge  
  44  4:31  Probe (Chrono Boost)  
  45  4:34  Probe (Chrono Boost)  
  45  4:40  Pylon  
  45  4:41  Probe (Chrono Boost)  
  45  4:42  Pylon  
  45  4:44  Probe (Chrono Boost)  
  41  4:49  Stalker  
  43  4:52  Probe (Chrono Boost)  
  43  4:55  Probe (Chrono Boost)  
  44  5:00  Pylon  
  44  5:03  Probe (Chrono Boost)  
  45  5:08  Pylon  
  45  5:11  Observer (Chrono Boost)  
  46  5:14  Sentry x2  
  46  5:17  Probe  
  51  5:21  Probe  
  51  5:26  Assimilator  
  52  5:29  Probe, Protoss Ground Weapons Level 1 (Chrono Boost)  
  52  5:30  Assimilator  
  53  5:39  Immortal, Photon Cannon  
  58  5:50  Probe x2 (Chrono Boost)  
  58  5:55  Twilight Council  
  59  6:01  Probe (Chrono Boost)  
  59  6:02  Zealot  
  59  6:03  Probe (Chrono Boost)  
  63  6:06  Zealot  
  65  6:12  Probe (Chrono Boost)  
  65  6:18  Stalker, Pylon  
  68  6:21  Immortal  
  72  6:41  Gateway  
  72  6:43  Gateway  
  65  6:57  Observer  
  66  7:08  Templar Archives  
  66  7:09  Charge (Chrono Boost)  
  66  7:14  Immortal  
  66  7:19  Zealot x3  
  76  7:41  Pylon  
  76  7:42  Pylon  
  75  7:49  Probe x2  
  76  7:56  Stalker x2  
  74  8:01  Probe  
  74  8:03  Pylon  
  65  8:06  Observer  
  60  8:15  Zealot x2  
  64  8:23  Pylon  
  64  8:25  Pylon  
  58  8:37  Zealot  
  58  8:38  Zealot  
  54  8:50  Zealot  
  54  8:51  Zealot x2  
  60  8:59  Stalker x2  
  53  9:12  Zealot x3  
  53  9:16  Mothership Core  
  60  9:17  Probe  
  60  9:23  Stalker, Protoss Ground Weapons Level 2 (Chrono Boost)  
  60  9:24  Stalker  
  66  9:25  Robotics Facility  
  66  9:28  Pylon  
  66  9:29  Probe  
  67  9:33  Gateway  
  67  9:36  Probe  
  67  9:38  High Templar x2  
  70  9:43  High Templar  
  70  9:44  Archon  
  74  9:46  Nexus  
  74  9:47  Pylon  
  74  9:48  High Templar  
  74  9:50  Pylon  
  76  9:53  Zealot, Archon  
  78  10:13  Warp Prism  
  80  10:15  High Templar x2  
  80  10:16  Zealot x2  
  80  10:20  Pylon  
  88  10:24  Gateway, Archon  
  88  10:30  Zealot  
  88  10:34  Probe  
  88  10:35  Dark Shrine  
  91  10:45  Probe  
  91  10:47  High Templar  
  91  10:48  High Templar x3  
  100  10:52  Archon  
  100  10:57  Probe, Archon  
  100  10:59  Probe  
  100  11:03  Assimilator  
  102  11:06  High Templar  
  102  11:07  Assimilator  
  104  11:13  Immortal (Chrono Boost)  
  108  11:20  High Templar  
  108  11:21  Pylon  
  108  11:22  Zealot x2  
  108  11:24  Archon  
  108  11:25  Probe  
  114  11:30  High Templar  
  114  11:32  High Templar  
  119  11:35  Probe  
  119  11:37  Archon  
  120  11:48  Observer (Chrono Boost)  
  120  11:51  Pylon  
  120  11:54  Zealot x4  
  123  12:07  Immortal (Chrono Boost)  
  122  12:10  Zealot x2  
  122  12:11  Zealot  
  122  12:12  Probe  
  122  12:13  Probe  
  128  12:18  Stalker  
  128  12:19  Stalker  
  128  12:20  Probe  
  133  12:25  Probe x2  
  135  12:32  Photon Cannon  
  135  12:36  High Templar x2  
  139  12:38  High Templar x2  
  139  12:41  Observer (Chrono Boost)  
  139  12:42  Archon  
  144  12:48  Archon  
  144  13:18  High Templar x2  
  144  13:19  Dark Templar, Zealot x4  
  158  13:22  Archon  
  158  13:40  Immortal (Chrono Boost)  
  158  13:41  Zealot x4  
  170  13:54  Dark Templar  
  172  13:59  Pylon  
Tags
 
Composition
Zealot Archon
Matchup
PvP
Replay Pack
me
Add a new tag
Caveats
  • Supply blocks, unpowered buildings, or Contaminate may cause inaccurate times.
  • Supply counts are checked every 10 seconds.